 Dungeon Crawl Stone Soup version 0.28-a0-589-g333b8329f1 (webtiles) character file.

Game seed: 10023555111250595026

247 sleeves the Caller (level 5, 8/35 HPs)
             Began as a Demonspawn Summoner on Oct 4, 2021.
             Quit the game on level 4 of the Dungeon.
             The game lasted 00:08:09 (4726 turns).

sleeves the Caller (Demonspawn Summoner)            Turns: 4726, Time: 00:08:09

Health: 8/35       AC:  4    Str:  8    XL:     5   Next: 85%
Magic:  5/8        EV: 12    Int: 18    God:
Gold:   156        SH:  0    Dex: 13    Spells: 5/8 levels left

rFire   . . .      SeeInvis .   c - +0 short sword (elec)
rCold   . . .      Faith    .   (no shield)
rNeg    . . .      Spirit   .   a - +0 robe
rPois   .          Reflect  .   (no helmet)
rElec   .          Harm     .   m - +1 cloak
rCorr   .          Rampage  .   (no gloves)
Will    .....                   (no boots)
Stlth   ++........              (no amulet)
HPRegen 0.11/turn               (no ring)
MPRegen 0.11/turn               (no ring)

@: no status effects
A: powered by death 1, demonic magic 1
a: no special abilities


You were on level 4 of the Dungeon.
You visited 1 branch of the dungeon, and saw 4 of its levels.

You collected 156 gold pieces.

Inventory:

Hand Weapons
 c - a +0 short sword of electrocution (weapon)
   (You took it off a kobold on level 1 of the Dungeon)
Armour
 a - a +0 robe (worn)
 m - a +1 cloak (worn)
   (You found it on level 3 of the Dungeon)
Jewellery
 g - a ring of protection from fire
   (You took it off a hobgoblin on level 2 of the Dungeon)
Scrolls
 e - a scroll of enchant armour
 f - a scroll of fear {unknown}
 h - a scroll of blinking {unknown}
 j - a scroll of fog {unknown}
 k - a scroll of amnesia {unknown}
 l - a scroll of enchant weapon {unknown}
 n - 2 scrolls of holy word {unknown}
Potions
 i - a potion of attraction {unknown}


   Skills:
 - Level 1.7 Dodging
 - Level 1.7 Stealth
 - Level 2.0 Spellcasting
 + Level 7.2 Summonings


You had 5 spell levels left.
You knew the following spells:

 Your Spells              Type           Power      Damage    Failure   Level
a - Summon Small Mammal   Summ           100%       N/A       1%          1
b - Call Imp              Summ           27%        N/A       1%          2

Your spell library contained the following spells:

 Spells                   Type           Power      Damage    Failure   Level
 Call Canine Familiar     Summ           27%        N/A       2%          3
 Summon Guardian Golem    Hex/Summ       14%        N/A       12%         3
 Summon Lightning Spire   Summ/Air       14%        N/A       38%         4


Dungeon Overview and Level Annotations

Branches:
Dungeon (4/15)
 Temple: D:4-7

Altars:


Innate Abilities, Weirdness & Mutations

You regenerate a little health from kills.
Spells you cast may paralyse adjacent enemies.


Message History

Found a scroll labelled JALASI YBLIR.
The adder hisses angrily.
An adder is nearby!
The adder closely misses you.
You hit the adder but do no damage. Lightning courses through the adder!
You kill the adder!
Your Summonings skill increases to level 6!
No target in view!
A rat comes into view.
Found an escape hatch in the floor.
A rat is nearby!
A rat comes into view.
You barely miss the rat.
Your white imp hits the rat but does no damage.
The rat barely misses you.
There are monsters nearby!
You hit the rat.
You kill the rat!
A rat is nearby!
A rat is nearby!
The rat barely misses you.
You hit the rat. Lightning courses through the rat!
You kill the rat!
No target in view!
You swap places.
j - a scroll labelled JALASI YBLIR No target in view!
You see here an adder corpse.
You swap places.
You see here a hobgoblin skeleton.
You see here a rat skeleton.
Done exploring.
Key pressed, stopping explore.
No target in view!
No target in view!
Done exploring.
No target in view!
Done exploring.
(D) Dungeon
Where to? (Enter - D:2, ? - help)
You see here a rat skeleton.
Your white imp disappears in a puff of smoke!
There is a stone staircase leading down here.
You climb downwards.
There is a stone staircase leading up here.
A ball python is nearby!
A ball python is nearby!
A ball python is nearby!
A ball python is nearby!
Found 15 gold pieces.
The ball python barely misses you. The ball python closely misses you.
You closely miss the ball python. The ball python barely misses you.
The ball python grabs you. The ball python constricts you.
The ball python bites you but does no damage.
The ball python constricts you.
A beastly little devil appears in a puff of flame.
Malevolent energies surge around you.
The ball python suddenly stops moving!
The ball python loses its grip on you.
The helpless ball python fails to defend itself.
You hit the ball python.
You kill the ball python!
No target in view!
HP restored.
Your crimson imp blinks!
Magic restored.
You now have 71 gold pieces (gained 15).
You swap places.
You see here a ball python corpse.
As you open the door, it creaks loudly!
There is an open door here.
You swap places.
A frilled lizard and a rat come into view.
There are monsters nearby!
There are monsters nearby!
The rat barely misses you. The frilled lizard bites you.
You hit the rat but do no damage. The rat bites you.
The frilled lizard bites you.
You hit the rat.
The rat is heavily wounded.
The rat barely misses you. The frilled lizard barely misses you.
Your crimson imp hits the frilled lizard.
The frilled lizard dies!
You hit the rat but do no damage.
The rat is heavily wounded.
The rat bites you.
Your crimson imp hits the rat.
The rat dies!
No target in view!
No target in view!
No target in view!
Your crimson imp blinks!
You open the door.
There is an open door here.
Your crimson imp blinks!
Your crimson imp disappears in a puff of smoke!
You open the door.
There is an open door here.
Found a stone staircase leading down.
You now have 82 gold pieces (gained 11).
Found 19 stones.
A ball python comes into view.
Found a scroll labelled TEERCHO TAELOSHI.
A jackal comes into view.
Found a spear.
A jackal comes into view.
Found four items.
Found 15 gold pieces.
A shadowy apparition takes form in the air.
Malevolent energies surge around you.
A jackal comes into view.
An endoplasm comes into view.
Your shadow imp misses the ball python.
You hit the ball python.
You kill the ball python!
You see here 19 stones.
The helpless jackal fails to defend itself.
You hit the jackal.
The jackal is lightly wounded.
The jackal closely misses you.
You hit the jackal. Lightning courses through the jackal!
You kill the jackal!
The jackal barely misses your shadow imp.
You swap places.
The jackal barely misses you.
You barely miss the jackal. The jackal misses you. x2
The jackal barely misses your shadow imp.
You hit the jackal but do no damage.
The jackal barely misses your shadow imp.
The jackal barely misses you.
Your shadow imp barely misses the jackal.
The jackal barely misses you. The jackal misses your shadow imp.
You hit the jackal but do no damage. Lightning courses through the jackal!
You kill the jackal!
The jackal bites your shadow imp.
You swap places.
The jackal closely misses you.
The jackal bites you but does no damage.
You see here a jackal corpse.
You closely miss the jackal.
Your shadow imp hits the jackal.
The jackal misses you.
You hit the jackal. Lightning courses through the jackal!
You kill the jackal!
No target in view!
No target in view!
k - a scroll labelled ODGHAGA ZERARGH You now have 97 gold pieces (gained 15).
You see here a jackal corpse.
You see here a jackal corpse.
l - a scroll labelled TEERCHO TAELOSHI The endoplasm quivers.
You see here 12 gold pieces.
You hit the endoplasm.
Lightning courses through the endoplasm!
You kill the endoplasm!
No target in view!
No target in view!
You now have 109 gold pieces (gained 12).
An orc comes into view. It is wielding a +0 dagger.
Your shadow imp disappears in a puff of smoke!
An orc is nearby!
An orc is nearby!
The orc shouts!
The orc hits you but does no damage.
You closely miss the orc. The orc hits you but does no damage.
You hit the orc but do no damage. Lightning courses through the orc!
You kill the orc!
No target in view!
No target in view!
Things that are here:
a +0 dagger; 3 boomerangs; a +0 leather armour An adder comes into view.
An adder is nearby!
An adder is nearby!
An adder comes into view.
A beastly little devil appears in a puff of frigid air.
Malevolent energies surge around you.
The adder hisses angrily.
You hit the adder.
The adder is moderately wounded.
The adder closely misses you.
Your white imp hits the adder.
Your white imp freezes the adder.
The adder seems to slow down.
You closely miss the adder.
The adder is severely wounded.
Your white imp hits the adder.
The adder dies!
The adder bites you.
You hit the adder.
The adder is lightly wounded.
The adder closely misses you.
Your white imp gestures at the adder.
The puff of frost hits the adder.
You closely miss the adder.
The adder is heavily wounded.
The adder bites you but does no damage.
Your white imp gestures at the adder.
The puff of frost misses the adder.
The adder barely misses you.
You barely miss the adder.
The adder is heavily wounded.
The adder bites you.
Your white imp hits the adder.
Your white imp freezes the adder.
The adder dies!
No target in view!
No target in view!
A hobgoblin comes into view.
The hobgoblin shouts!
A hobgoblin is nearby!
A hobgoblin is nearby!
A hobgoblin is nearby!
You closely miss the hobgoblin. The hobgoblin misses you.
You hit the hobgoblin.
The hobgoblin is severely wounded.
Your white imp gestures at the hobgoblin.
The puff of frost hits the hobgoblin!
The hobgoblin dies!
No target in view!
A rat comes into view.
A rat is nearby!
A rat is nearby!
The rat closely misses you.
You hit the rat.
You kill the rat!
No target in view!
You see here a rat corpse.
Found a stone staircase leading up.
You swap places.
Your white imp disappears in a puff of smoke!
You open the door.
There is an open door here.
You open the large door.
There is a large open door here.
There is a large open door here.
Found a stone staircase leading up.
You now have 118 gold pieces (gained 9).
Found a stone staircase leading down.
No target in view!
No target in view!
No target in view!
A goblin comes into view. It is wielding a +0 club.
A goblin is nearby!
A shadowy apparition takes form in the air.
Malevolent energies surge around you.
The goblin shouts!
You barely miss the goblin. The goblin hits you with a +0 club.
You hit the goblin but do no damage. The goblin hits you with a +0 club.
You hit the goblin.
You kill the goblin!
No target in view!
No target in view!
You see here a +0 club.
Found a glowing cloak.
Found an escape hatch in the ceiling.
A frilled lizard comes into view.
The frilled lizard hisses angrily.
You hit the frilled lizard.
You kill the frilled lizard!
You have reached level 5!
Your demonic ancestry asserts itself...
A wave of death washes over you.
Search for what [? for help]? cloa You swap places.
You see here a +1 cloak.
m - a +1 cloak You start removing your armour.
You continue taking off your +0 cloak. x4
You finish taking off your +0 cloak.
You start putting on your armour.
You continue putting on your +1 cloak. x5
You finish putting on your +1 cloak.
Drop what? 13/52 slots (_ for help) (? for menu, Esc to quit)
You drop a +0 cloak.
You open the door.
There is an open door here.
You open the door.
There is an open door here.
You open the door.
There is an open door here.
Your shadow imp disappears in a puff of smoke!
Key pressed, stopping explore.
There is an open door here.
e - a scroll labelled BUHEGA CORYA As you open the large door, it creaks loudly!
There is a large open door here.
There is a large open door here.
Found an escape hatch in the floor.
An orc and an orc priest come into view.
The orc priest shouts!
An orc comes into view. It is wielding a +0 flail.
There are monsters nearby!
There are monsters nearby!
A beastly little devil appears in a puff of frigid air.
Malevolent energies surge around you.
The orc shouts!
A magic dart appears from out of your range of vision.
The magic dart hits your white imp.
Your white imp hits the orc but does no damage.
Your white imp gestures at the orc.
The puff of frost hits the orc.
Your white imp hits the orc.
The orc dies!
The orc closely misses your white imp. What are your orders? t - Shout!
Orders for allies: a - Attack new target. r - Retreat! s - Stop attacking. g - Guard the area. f - Follow me.
Anything else - Cancel.
Gang up on whom?
Press: ? - help, Dir - move target, f - orc priest
Aim: an orc priest, wielding a +0 short sword and wearing a +0 ring mail Attack!
Your white imp gestures at the orc priest.
The puff of frost hits the orc!
The orc dies!
The orc priest looks braver for a moment.
Your white imp hits the orc priest but does no damage.
Your white imp hits the orc priest but does no damage.
The orc priest closely misses you.
You barely miss the orc priest.
Your white imp closely misses the orc priest.
Something hits your white imp.
The orc priest begins to cast a cantrip, but forgets the words!
Your white imp gestures at the orc priest.
The puff of frost hits the orc priest.
You hit the orc priest but do no damage.
The orc priest is moderately wounded.
Something barely misses your white imp.
The orc priest mumbles some strange prayers to Beogh against you.
Beogh smites you!
Your white imp barely misses the orc priest.
Something closely misses your white imp.
You hit the orc priest but do no damage.
Lightning courses through the orc priest!
You kill the orc priest!
Something hits you but does no damage.
Deactivating autopickup; reactivate with Ctrl-A.
Things that are here:
a +0 short sword; a +0 ring mail; an orc corpse You barely miss something.
You hear some strange, mumbled words.
A magic dart appears from out of thin air!
The magic dart hits you.
You closely miss something. Something hits you.
You closely miss something. Something hits you.
You miss something. Something hits you but does no damage.
You barely miss something. Something hits you but does no damage.
You barely miss something. Something hits you.
You barely miss something. Something hits you but does no damage.
You miss something.
You hear some strange, mumbled words.
You are confused.
Are you sure you want to stumble around while confused and next to your white imp? [Y]es or [N]o only, please.
Are you sure you want to stumble around while confused and next to your white imp? [Y]es or [N]o only, please.
Are you sure you want to stumble around while confused and next to your white imp? [Y]es or [N]o only, please.
Are you sure you want to stumble around while confused and next to your white imp?
Okay, then.
Something hits you. Something barely misses you.
Something hits you but does no damage. Something hits you. Something hits you.
* * * LOW HITPOINT WARNING * * *
Are you sure you want to stumble around while confused and next to your white imp?
Okay, then.
Are you sure you want to stumble around while confused and next to your white imp?
Okay, then.
Something hits you but does no damage.
You feel less confused. Something barely misses you.
Something closely misses your white imp.
Something closely misses your white imp.
Something hits your white imp. What are your orders? t - Shout!
Orders for allies: a - Attack new target. r - Retreat! s - Stop attacking. g - Guard the area. f - Follow me.
Anything else - Cancel.
Guard this area!
You hear some strange, mumbled words.
Something tries to affect you, but you resist.
Something tries to affect you, but you resist.
An orc wizard appears from thin air!
Reactivating autopickup.
An orc wizard comes into view. It is wielding a +0 dagger.
The orc wizard hits your white imp with a +0 dagger.
Your white imp hits the orc wizard.
Your white imp freezes the orc wizard.
Your white imp barely misses the orc wizard.
Your white imp hits the orc wizard but does no damage.
The orc wizard misses you.
You barely miss the orc wizard.
The orc wizard is heavily wounded.
The orc wizard closely misses you.
Your white imp closely misses the orc wizard.
You hit the orc wizard.
Lightning courses through the orc wizard!
You kill the orc wizard!
You swap places.
Things that are here:
a +0 dagger; a +0 robe; an orc corpse You are too injured to fight recklessly!
Key pressed, stopping explore.
An adder comes into view.
An adder is nearby!
An adder is nearby!
An adder is nearby!
The adder barely misses you. The adder bites you.
You are poisoned.
The adder poisons you!
You hit the adder.
The adder is moderately wounded.
You feel sick. The adder closely misses you.
You miss the adder.
The adder is moderately wounded.
You feel sick. The adder bites you.
Your white imp gestures at the adder.
The puff of frost hits the adder!
The adder bites your white imp.
You barely miss the adder.
The adder is severely wounded.
You feel sick.
Your white imp barely misses the adder.
The adder bites you but does no damage.
You hit the adder. Lightning courses through the adder!
You kill the adder!
You feel sick.
No target in view!
You feel sick.
You are no longer poisoned.
Your white imp disappears in a puff of smoke!
Key pressed, stopping explore.
A bat comes into view.
The bat moves out of view.
A bat is nearby!
A bat is nearby!
A beastly little devil appears in a puff of flame.
Malevolent energies surge around you.
The bat hits your crimson imp but does no damage.
A bat is nearby!
A bat is nearby!
The bat barely misses your crimson imp.
Your crimson imp hits the bat.
You barely miss the bat.
The bat is moderately wounded.
The bat misses you.
You swap places.
The bat hits you. The bat barely misses you.
You miss the bat. The bat completely misses you.
The bat hits you but does no damage. x2
Your crimson imp blinks!
You barely miss the bat. The bat completely misses you. The bat hits you.
You barely miss the bat. The bat hits you but does no damage.
You barely miss the bat. The bat barely misses you.
The bat hits you but does no damage. The bat hits you.
A beastly little devil appears in a puff of frigid air.
Malevolent energies surge around you.
Your crimson imp disappears in a puff of smoke!
The bat hits you.
You hit the bat.
You kill the bat!
No target in view!
No target in view!
Your white imp disappears in a puff of smoke!
Things that are here:
a +0 flail; an orc skeleton
Things that are here:
a +0 hand axe; a +0 chain mail; an orc skeleton A frilled lizard comes into view.
The frilled lizard hisses angrily.
A ball python comes into view.
There are monsters nearby!
There are monsters nearby!
There are monsters nearby!
A beastly little devil appears in a puff of flame.
Malevolent energies surge around you.
The ball python hisses angrily.
Found 10 gold pieces.
Found a whip.
The frilled lizard closely misses you.
You hit the frilled lizard but do no damage.
The frilled lizard bites you but does no damage.
The ball python bites you. The ball python misses you.
The frilled lizard bites you but does no damage.
You hit the frilled lizard.
You kill the frilled lizard!
The ball python closely misses you. The ball python grabs you.
The ball python constricts you.
You hit the ball python but do no damage.
Lightning courses through the ball python!
You kill the ball python!
No target in view!
No target in view!
Your crimson imp disappears in a puff of smoke!
You now have 128 gold pieces (gained 10).
A kobold comes into view. It is wielding a +0 whip.
A kobold is nearby!
A kobold is nearby!
A kobold is nearby!
A beastly little devil appears in a puff of frigid air.
Your white imp says, "I'm here!"
Malevolent energies surge around you.
The kobold shouts!
The kobold hits you with a +0 whip.
You closely miss the kobold. The kobold hits you but does no damage.
You closely miss the kobold. The kobold barely misses you.
Your white imp hits the kobold.
Your white imp freezes the kobold.
The kobold dies!
No target in view!
No target in view!
No target in view!
No target in view!
No target in view!
You swap places.
Found a thin jewelled staff.
Found a stone staircase leading down.
n - 2 scrolls labelled TEW SISINEURY
There is a stone staircase leading down here.
You open the door.
There is an open door here.
You open the door. 2 goblins come into view.
Found 13 gold pieces.
There is an open door here.
Your white imp disappears in a puff of smoke!
The goblin misses you.
A shadowy apparition takes form in the air.
Malevolent energies surge around you.
The goblin suddenly stops moving!
The goblin shouts!
The helpless goblin fails to defend itself.
You hit the goblin.
The goblin is severely wounded.
The goblin barely misses you.
Your shadow imp hits the goblin.
The goblin dies!
You hit the goblin.
The goblin is moderately wounded.
The goblin closely misses you.
You hit the goblin.
You kill the goblin!
No target in view!
Search for what [Enter for "cloa", or ? for help]? stag Can't find anything matching that.
Search for what [Enter for "stag", or ? for help]? staf
There is an open door here.
There is an open door here.
Your shadow imp disappears in a puff of smoke!
You see here a staff of conjuration.
There is an open door here.
There is an open door here.
You now have 141 gold pieces (gained 13).
You see here a +0 dagger.
You see here a +0 dagger.
There is an open door here.
There is a large open door here.
There is a large open door here.
There is a large open door here.
There is a large open door here.
You open the door.
There is an open door here.
Key pressed, stopping explore.
There is an open door here.
Things that are here:
a +0 dagger; a +0 robe
There is a large open door here.
There is a large open door here.
As you open the door, it creaks loudly!
There is an open door here.
Found a club.
A bat comes into view.
A bat is nearby!
A bat is nearby!
A shadowy apparition takes form in the air.
Malevolent energies surge around you. The bat closely misses you.
The bat misses you. The bat barely misses you.
You completely miss the bat. The bat closely misses you.
The bat misses your shadow imp.
Your shadow imp misses the bat.
You hit the bat.
The bat is severely wounded.
The bat barely misses you.
The bat hits your shadow imp but does no damage.
Your shadow imp misses the bat.
You miss the bat.
The bat is severely wounded.
The bat closely misses you. x2; The bat misses your shadow imp.
Your shadow imp closely misses the bat.
The bat barely misses your shadow imp.
You hit the bat.
You kill the bat!
A dart slug comes into view.
A dart slug is nearby!
A dart slug is nearby!
A dart slug is nearby!
You hit the dart slug.
The dart slug is moderately wounded.
You hit the dart slug.
The dart slug is almost dead.
Your shadow imp hits the dart slug.
The dart slug barely misses you.
You hit the dart slug.
Lightning courses through the dart slug!
You kill the dart slug!
Your Summonings skill increases to level 7!
No target in view!
You now have 146 gold pieces (gained 5).
You swap places.
You open the door.
There is an open door here.
Your shadow imp disappears in a puff of smoke!
There is a large open door here.
There is a large open door here.
Things that are here:
a +0 short sword; a +0 ring mail
Things that are here:
a +0 hand axe; a +0 chain mail Done exploring.
Done exploring.
Done exploring.
Done exploring.
Done exploring.
(D) Dungeon
Where to? (Enter - D:3 @ (x,y), ? - help)
You see here a frilled lizard skeleton.
There is a stone staircase leading down here.
You climb downwards.
You hear the sound of rushing water.
There is an entrance to a sewer on this level.
Hurry and find it before the portal rusts away!
The orc shouts! x2; You hear a shout! x3
Found a stone staircase leading up.
There is a stone staircase leading up here.
A beastly little devil appears in a puff of flame.
Malevolent energies surge around you.
An ogre comes into view. It is wielding a +0 giant club.
Your crimson imp blinks!
An orc comes into view. It is wielding a +0 hand axe.
You hit the orc but do no damage.
An iguana comes into view.
Your crimson imp hits the orc but does no damage.
The orc barely misses you.
You closely miss the orc.
A ball python comes into view.
Your crimson imp barely misses the orc.
The orc barely misses you. The orc closely misses you.
The ogre barely misses your crimson imp.
You climb upwards.
There is a stone staircase leading down here.
A beastly little devil appears in a puff of flame.
Malevolent energies surge around you.
The orc suddenly stops moving! x2
The helpless orc fails to defend itself.
You hit the orc. Lightning courses through the orc!
You kill the orc!
The orc is no longer paralysed.
The orc hits you but does no damage.
You hit the orc. Lightning courses through the orc!!
You kill the orc!
No target in view!
Things that are here:
a +0 flail; a +0 scale mail Your crimson imp blinks!
Magic restored.
You see here 19 stones.
There is a stone staircase leading down here.
You climb downwards.
You hear the sound of rushing water.
There is an entrance to a sewer on this level.
Hurry and find it before the portal rusts away!
You hear the slow rusting of a very distant drain.
The ball python misses you. The ball python grabs you.
The ball python constricts you. The iguana bites you!
The ogre barely misses you.
There is a stone staircase leading up here.
You escape the ball python's grasp.
The iguana closely misses you. The ball python barely misses you.
The ball python grabs you.
You stop ascending the stairs.
The ball python constricts you. The ogre hits you with a +0 giant club!
* * * LOW HITPOINT WARNING * * *
You escape the ball python's grasp.
The iguana closely misses you. The ball python closely misses you.
The ball python misses you.
Found a dark potion.
A scorpion comes into view.
The ball python barely misses you. The ball python closely misses you.
The iguana hisses angrily.
There is a stone staircase leading up here.
The ball python closely misses you. The ball python barely misses you.
Found 10 gold pieces.
A goblin comes into view. It is wielding a +0 club.
The ball python bites you but does no damage.
The ball python grabs you. The ball python constricts you.
The ball python's grasp on you weakens, but your attempt to escape fails.
The ball python bites you.
* * * LOW HITPOINT WARNING * * *
The ball python constricts you. The ogre hits you with a +0 giant club!
* * * LOW HITPOINT WARNING * * *
You escape the ball python's grasp.
The goblin shouts!
You hear a shout!
The goblin unwields a +0 club.
The goblin wields a +0 hunting sling.
The goblin shoots a stone.
The stone closely misses you. The ball python bites you.
* * * LOW HITPOINT WARNING * * *
The ball python barely misses you.
The ball python bites you but does no damage.
The ball python grabs you. The ball python constricts you.
* * * LOW HITPOINT WARNING * * *
You escape the ball python's grasp.
As you read the scroll labelled BIROZ VANAHIH, it crumbles to dust.
It is a scroll of identify.
e - a scroll of enchant armour The ball python bites you but does no damage.
The ball python barely misses you.
As you read the scroll labelled EMNEZ PIWEKLEBEK, it crumbles to dust.
You feel strangely unstable.
It was a scroll of teleportation.
The ball python barely misses you. The ball python grabs you.
The ball python constricts you. The iguana barely misses you.
You escape the ball python's grasp.
Your surroundings suddenly seem different.
Found a stone staircase leading down.
A white imp comes into view.
The ball python hisses angrily.
The white imp shouts, "Tremble, thou canting kobold-kissing snaffler!"
There is a stone staircase leading up here.
You can't go down here!
You climb upwards.
There is a stone staircase leading down here.
You start resting.
HP restored.
You climb downwards.
You hear the sound of rushing water.
There is an entrance to a sewer on this level.
Hurry and find it before the portal rusts away!
You hear the brisk rusting of a very distant drain.
The ball python bites you. The ball python barely misses you. x2
The ball python grabs you. The ball python constricts you.
There is a stone staircase leading up here.
A beastly little devil appears in a puff of frigid air.
Malevolent energies surge around you.
The ball python suddenly stops moving!
The ball python loses its grip on you. The scorpion stings your white imp. x2
Your white imp dies!
Your white imp disappears in a puff of smoke!
The helpless ball python fails to defend itself.
You hit the ball python.
You kill the ball python!
The white imp hits you. The white imp freezes you.
You can't go down here!
The white imp laughs crazily.
The white imp gestures at you. The puff of frost hits you!
* * * LOW HITPOINT WARNING * * *
You climb upwards.
There is a stone staircase leading down here.
You are too injured to fight recklessly!
Casting: Call Imp (safe; 1% risk of failure)
Confirm with . or Enter, or press ? or * to list all spells.
A beastly little devil appears in a puff of flame.
Malevolent energies surge around you.
The white imp suddenly stops moving!
The helpless white imp fails to defend itself.
You hit the white imp.
The white imp is lightly wounded.
The white imp is no longer paralysed.
The white imp closely misses you.
Your crimson imp hits the white imp.
You hit the white imp.
The white imp is severely wounded.
The white imp closely misses you.
Your crimson imp hits the white imp but does no damage.
You hit the white imp but do no damage.
The white imp is severely wounded.
The white imp hits you.
* * * LOW HITPOINT WARNING * * *
The white imp freezes you.
* * * LOW HITPOINT WARNING * * *
Your crimson imp hits the white imp.
You hit the white imp.
You kill the white imp!
You start resting.
Your crimson imp disappears in a puff of smoke!
Magic restored.
You start resting.
HP restored.
Unknown command.
There is an open door here.
There is a stone staircase leading down here.
You climb downwards.
You hear the sound of rushing water.
There is an entrance to a sewer on this level.
Hurry and find it before the portal rusts away!
You hear the rapid rusting of a drain very nearby.
An endoplasm comes into view.
There is a stone staircase leading up here.
Unknown command.
A beastly little devil appears in a puff of flame.
Malevolent energies surge around you.
The endoplasm quivers.
The kobold hits you but does no damage.
You hit the kobold.
The kobold is moderately wounded.
The kobold barely misses you.
Your crimson imp hits the kobold but does no damage.
You closely miss the kobold.
The kobold is moderately wounded.
The kobold misses you.
Your crimson imp hits the kobold but does no damage.
The kobold hits you but does no damage.
You closely miss the kobold.
The kobold is moderately wounded.
Your crimson imp hits the kobold.
The kobold dies!
The endoplasm barely misses you.
You hit the endoplasm.
The endoplasm is moderately wounded.
The endoplasm completely misses you.
You barely miss the endoplasm.
The endoplasm is moderately wounded.
Your crimson imp hits the endoplasm.
The endoplasm barely misses your crimson imp.
You catch the helpless endoplasm completely off-guard!
You hit the endoplasm.
Lightning courses through the endoplasm!
You kill the endoplasm!
No target in view!
Magic restored.
Things that are here:
a +0 dagger; a kobold corpse A ball python comes into view.
A ball python is nearby!
A ball python is nearby!
The ball python hisses angrily.
No target in view!
No target in view!
A worm comes into view.
The ball python barely misses you. The ball python grabs you.
The ball python constricts you.
You hit the ball python.
You kill the ball python!
You hear the rapid rusting of a drain very nearby.
Found a glowing drain.
Your crimson imp blinks!
You see here a ball python corpse.
A giant cockroach comes into view.
Found 10 gold pieces.
Your crimson imp blinks!
You closely miss the giant cockroach. The giant cockroach closely misses you.
You hit the giant cockroach.
Lightning courses through the giant cockroach!
You kill the giant cockroach!
You hit the worm but do no damage. Lightning courses through the worm!
The worm is almost dead.
Your crimson imp closely misses the worm.
The worm closely misses you.
You hit the worm.
The worm is almost dead.
Your crimson imp barely misses the worm.
Your crimson imp hits the worm.
The worm dies!
You see here a worm corpse.
You enter the shallow water.
Moving in this stuff is going to be slow.
A giant cockroach comes into view.
Your crimson imp blinks!
You closely miss the giant cockroach. The giant cockroach bites you.
Your unstable footing causes you to fumble your attack.
The giant cockroach barely misses you.
The giant cockroach bites you but does no damage.
You closely miss the giant cockroach.
The giant cockroach bites you but does no damage.
You hit the giant cockroach but do no damage.
The giant cockroach bites you but does no damage.
Your crimson imp closely misses the giant cockroach.
You barely miss the giant cockroach.
You hear the drain falling apart.
The giant cockroach closely misses you.
Your crimson imp closely misses the giant cockroach.
The giant cockroach barely misses you.
You closely miss the giant cockroach.
Your crimson imp closely misses the giant cockroach.
The giant cockroach misses you.
Your unstable footing causes you to fumble your attack.
The giant cockroach bites you but does no damage.
Your crimson imp hits the giant cockroach but does no damage.
You barely miss the giant cockroach.
The giant cockroach bites you but does no damage.
Your crimson imp hits the giant cockroach.
The giant cockroach closely misses you.
Your unstable footing causes you to fumble your attack.
Your crimson imp barely misses the giant cockroach.
The giant cockroach bites you but does no damage.
You barely miss the giant cockroach.
The giant cockroach is heavily wounded.
Your crimson imp blinks!
The giant cockroach misses you.
Your crimson imp blinks!
You barely miss the giant cockroach.
The giant cockroach is heavily wounded.
The giant cockroach bites you. The giant cockroach barely misses you.
Your unstable footing causes you to fumble your attack.
The giant cockroach misses you.
You barely miss the giant cockroach.
The giant cockroach is heavily wounded.
The giant cockroach closely misses you.
You hit the giant cockroach.
You kill the giant cockroach!
The drain falls to bits.
There is a collapsed entrance here.
You see here a giant cockroach corpse.
You can't go down here!
You enter the shallow water.
Moving in this stuff is going to be slow.
There is a collapsed entrance here.
You see here a giant cockroach corpse.
You enter the shallow water.
Moving in this stuff is going to be slow.
You now have 156 gold pieces (gained 10).
An adder comes into view.
An adder is nearby!
An adder is nearby!
An adder is nearby!
A beastly little devil appears in a puff of flame.
Malevolent energies surge around you.
The adder hisses angrily.
Your crimson imp disappears in a puff of smoke!
An iguana comes into view.
You swap places.
The adder bites you.
You miss the adder. The adder bites you but does no damage.
The adder closely misses you.
Your crimson imp barely misses the adder.
You closely miss the adder. The adder barely misses you.
Your crimson imp misses the adder.
You closely miss the adder. The adder bites you.
You are poisoned.
The adder poisons you!
Your crimson imp hits the adder.
The adder closely misses you.
You feel sick.
Your crimson imp blinks!
You feel sick.
You feel sick.
You feel sick.
You are no longer poisoned.
Your crimson imp blinks!
The adder bites you.
Casting: Call Imp (safe; 1% risk of failure)
Confirm with . or Enter, or press ? or * to list all spells.
A beastly little devil appears in a puff of frigid air.
Your white imp says, "You called?"
Malevolent energies surge around you.
The adder suddenly stops moving!
The helpless adder fails to defend itself.
You hit the adder. Lightning courses through the adder!
You kill the adder!
The iguana bites you!
* * * LOW HITPOINT WARNING * * *
You swap places.
Your white imp gestures at the iguana.
The puff of frost hits the iguana!
The iguana closely misses your white imp.
Your white imp hits the iguana but does no damage.
The iguana bites your white imp.
Your white imp barely misses the iguana.
The iguana bites your white imp but does no damage.
Your white imp gestures at the iguana.
The puff of frost hits the iguana.
The iguana completely misses your white imp.
Your white imp gestures at the iguana.
The puff of frost misses the iguana.
The iguana bites your white imp.
Your white imp barely misses the iguana.
The iguana barely misses your white imp.
Your white imp hits the iguana.
Your white imp freezes the iguana.
The iguana bites your white imp!
Your white imp dies!
Your white imp disappears in a puff of smoke!
The iguana hisses angrily.
Casting: Call Imp (safe; 1% risk of failure)
Confirm with . or Enter, or press ? or * to list all spells.
A beastly little devil appears in a puff of flame.
Malevolent energies surge around you.
Your crimson imp closely misses the iguana.
Casting: Call Imp (safe; 1% risk of failure)
Confirm with . or Enter, or press ? or * to list all spells.
Malevolent energies surge around you.
Your rat bites the iguana but does no damage.
The iguana bites you but does no damage.
Your crimson imp closely misses the iguana.
Your rat bites the iguana but does no damage.
The iguana barely misses you.
You barely miss the iguana.
The iguana is almost dead.
Your crimson imp hits the iguana but does no damage.
The iguana hisses menacingly.
The iguana bites you!
* * * LOW HITPOINT WARNING * * *
Your rat closely misses the iguana.
Your crimson imp barely misses the iguana.
Your rat splashes around in the water.
A hound comes into view.
Your crimson imp disappears in a puff of smoke!
The hound barks!
The hound closely misses you.
Casting: Summon Small Mammal (safe; 1% risk of failure)
Confirm with . or Enter, or press ? or * to list all spells.
A beastly little devil appears in a puff of frigid air.
Malevolent energies surge around you.
Your rat disappears in a puff of smoke!
The hound bites you.
* * * LOW HITPOINT WARNING * * *
A ball python comes into view.
The hound closely misses you.
Your white imp hits the iguana but does no damage.
The iguana bites your white imp!
Your white imp dies!
Your white imp disappears in a puff of smoke!
The iguana hisses angrily.
You completely miss the hound.
The ball python hisses angrily.
The hound closely misses you. The hound barely misses you.
The ball python bites you but does no damage.
The ball python barely misses you.
There is a stone staircase leading up here.
Are you sure you want to abandon this character and quit the game? (Confirm with "yes".)

.............## ..#....
..#..........####..#.....
####.###......##.........
#...........#..#.........
..#..≈#..##..............
..≈≈≈≈≈..................
#≈≈≈≈≈≈≈#...#.........##
≈≈≈≈≈≈≈≈†.....l.)......#.
.≈≈≈†≈≈≈....#.#h@S.......
.≈≈≈≈≈≈≈≈.§†.##........#.
#≈≈≈≈≈≈≈#....##........#
..≈≈≈≈≈...............#..
..#≈..#...............# #
#.............#........#
####.........###..##.....
######...## ..## ....#
##..# .


You could see an iguana, a hound and a ball python.

Vanquished Creatures
  An orc priest (D:3)
  An orc wizard (D:3)
  A hound skeleton (D:2)
  6 adders
  A white imp (D:3)
  3 dart slugs
  3 orcs (D:3)
  2 endoplasms
  3 giant cockroaches
  3 goblins
  2 hobgoblins (D:2)
  3 jackals (D:3)
  11 ball pythons
  5 bats
  5 frilled lizards
  5 rats
55 creatures vanquished.

Vanquished Creatures (collateral kills)
  3 adders
  2 worms
  A dart slug (D:1)
  2 orcs (D:3)
  A ball python (D:2)
  A goblin (D:3)
  2 hobgoblins
  3 kobolds
  A quokka (D:2)
  5 bats
  2 frilled lizards
  2 rats
25 creatures vanquished.

Grand Total: 80 creatures vanquished

Notes
Turn   | Place    | Note
-------+----------+-------------------------------------------
     0 | D:1      | sleeves the Demonspawn Summoner began the quest for the
                  | Orb.
     0 | D:1      | Reached XP level 1. HP: 13/13 MP: 3/3
   792 | D:1      | Gained mutation: Spells you cast may paralyse adjacent
                  | enemies. [demonic ancestry]
   792 | D:1      | Reached XP level 2. HP: 12/19 MP: 3/5
  1035 | D:1      | HP: 9/19 [ball python (2)]
  1039 | D:1      | HP: 4/19 [constriction (1)]
  1383 | D:1      | Learned a level 2 spell: Call Imp
  1528 | D:1      | Found a faded altar of an unknown god.
  1955 | D:2      | Reached skill level 5 in Summonings
  1955 | D:2      | Reached XP level 3. HP: 20/24 MP: 3/6
  2057 | D:2      | HP: 11/24 [quokka (4)]
  2058 | D:2      | HP: 4/24 [hobgoblin (7)]
  2379 | D:2      | Reached XP level 4. HP: 30/30 MP: 5/7
  2690 | D:2      | Reached skill level 6 in Summonings
  3184 | D:3      | Gained mutation: You regenerate a little health from kills.
                  | [demonic ancestry]
  3184 | D:3      | Reached XP level 5. HP: 35/35 MP: 8/8
  3369 | D:3      | HP: 16/35 [something (2)]
  3904 | D:3      | Reached skill level 7 in Summonings
  3981 | D:4      | Noticed an ogre
  4033 | D:4      | HP: 11/35 [ogre (13)]
  4052 | D:4      | HP: 13/35 [ball python (1)]
  4052 | D:4      | HP: 5/35 [ogre (8)]
  4058 | D:4      | HP: 3/35 [constriction (1)]
  4347 | D:4      | HP: 15/35 [white imp/puff of frost (13)]
  4352 | D:3      | HP: 14/35 [white imp (2)]
  4611 | D:4      | Found a glowing drain.
  4679 | D:4      | HP: 15/35 [iguana (7)]
  4696 | D:4      | HP: 6/35 [iguana (11)]
  4721 | D:4      | HP: 7/35 [hound (2)]
  4726 | D:4      | Quit the game

Illustrated notes

Levels and vault maps discovered:
D:1:      moated_graveyard_arrival, layout_basic,
          dreamdust_ecumenical_altar_statues
D:2:      layout_rooms, serial_corexii_hall, chequers_hall_statues_wall_a,
          corexii_hall_statues_i
D:3:      layout_basic, minmay_misc_feat_square, corexii_leaking_fountain,
          nrook_uturn
D:4:      layout_cave_pools, cheibrodos_sewer_entry_drain

Skill      XL: |  1  2  3  4  5 |
---------------+----------------+-----
Summonings     | 5 6 7 |  7.2
Dodging        | |  1.7
Stealth        | |  1.7
Spellcasting   | |  2.0

Action                   |  1- 3 |  4- 6 || total
-------------------------+-------+-------++-------
Melee: Unarmed           |    31 |       ||    31
       Short sword       |    52 |   128 ||   180
 Cast: Summon Small Mamm |    21 |     1 ||    22
       Call Imp          |    11 |    23 ||    34
  Use: Scroll            |       |     2 ||     2
 Stab: Paralysed         |     7 |     7 ||    14
       Sleeping          |     1 |     2 ||     3
       Distracted        |       |     1 ||     1
Armor: Robe              |    19 |    39 ||    58
Dodge: Dodged            |   105 |   117 ||   222

Table legend: (Time is in decaauts)
 A = Elapsed time spent in this place.
 B = Non-inter-level travel time spent in this place.
 C = Inter-level travel time spent in this place.
 D = Time resting spent in this place.
 E = Time spent auto-exploring this place.
 F = Levels seen in this place.
 G = Mean time per level.
                   A        B        C        D        E       F      G
               +--------+--------+--------+--------+--------+-----+--------+
         Total |   4750 |   4587 |    163 |    473 |   3309 |   4 | 1187.5 |
       Dungeon |   4750 |   4587 |    163 |    473 |   3309 |   4 | 1187.5 |
               +--------+--------+--------+--------+--------+-----+--------+

Top non-repeatable levels by time:
     D:1: 1786 daAuts
     D:3: 1763 daAuts
     D:2: 998 daAuts
     D:4: 201 daAuts
